 Dungeon Crawl Stone Soup version 0.29.1-13-g9f3cf754e1 (webtiles) character file.

Game seed: 11365257858212162955

583 MisterFreud the Twirler (level 7, 0/82 HPs)
             Began as a Formicid Gladiator on Jan 30, 2023.
             Slain by an orc warrior
             ... wielding a +0 scimitar
              (6 damage)
             ... on level 9 of the Dungeon.
             The game lasted 00:06:19 (6451 turns).

MisterFreud the Twirler (Formicid Gladiator)        Turns: 6451, Time: 00:06:19

Health: 0/82       AC: 23    Str: 21    XL:     7   Next: 64%
Magic:  7/7        EV:  2    Int:  7    God:
Gold:   174        SH:  0    Dex: 15    Spells: 6/6 levels left

rFire   . . .      SeeInvis .   a - +0 quarterstaff
rCold   . . .      Faith    .   (no shield)
rNeg    . . .      Spirit   .   (body armour currently unavailable)
rPois   +          Reflect  .   (helmet unavailable)
rElec   .          Harm     .   (cloak currently unavailable)
rCorr   .          Rampage  .   (gloves currently unavailable)
Will    .....                   (boots currently unavailable)
Stlth   +.........              (no amulet)
HPRegen 0.23/turn               (no ring)
MPRegen 0.10/turn               (no ring)

@: tree-form
A: stationary, stasis, torment immunity, boosted hp, permanent stasis, dig
shafts and tunnels, (antennae 3), four strong arms
a: no special abilities


You were on level 9 of the Dungeon.
You were a tree.
You visited 1 branch of the dungeon, and saw 11 of its levels.

You collected 174 gold pieces.

Inventory:

Hand Weapons
 a - a +0 quarterstaff (weapon)
Missiles
 c - 3 throwing nets (quivered)
 d - a javelin
 n - 3 atropa-tipped darts
Armour
 b - a +0 leather armour
 g - a +1 cloak (melded)
 m - a +0 pair of boots (melded)
 q - a +0 scale mail
 s - a +0 chain mail (melded)
Jewellery
 j - a ring of magical power
 k - a ring of magical power
Wands
 i - a wand of digging (5)
Scrolls
 h - a scroll of identify
 r - a scroll of fog
Potions
 e - 3 potions of mutation
 f - a potion of brilliance
 o - a potion of attraction
 p - a potion of flight
 t - a potion of resistance


   Skills:
 + Level 4.8 Fighting
 - Level 6.0 Staves
 - Level 2.0 Throwing
 + Level 4.1 Armour
 - Level 2.6 Dodging


You had 6 spell levels left.
You didn't know any spells.
Your spell library contained the following spells:

 Spells                   Type           Power      Damage    Failure   Level
 Sting                    Tmut/Pois      0%         1d3       43%         1
 Poisonous Vapours        Pois/Air       0%         N/A       56%         2
 Summon Guardian Golem    Hex/Summ       0%         N/A       80%         3
 Tukima's Dance           Hex            0%         N/A       80%         3
 Olgreb's Toxic Radiance  Pois           0%         N/A       99%         4
 Silence                  Hex/Air        0%         N/A       100%        5


Dungeon Overview and Level Annotations

Branches:
Dungeon (11/15)
 Temple: D:4-7         Lair: D:8-11         Orc: D:9-12

Altars:
Ashenzari
Gozag
Ru

Shops:
D:5 [   D:7 :

Annotations:
D:4 Edmund
D:6 1 runed translucent door


Innate Abilities, Weirdness & Mutations

You are a tree.
Your roots penetrate the ground, keeping you stationary.
You cannot be teleported.
You are immune to unholy pain and torment.
Your maximum health is greatly increased.
Your equipment is partially melded.
You cannot be hasted, slowed, berserked, paralysed or teleported.
You can dig through walls and to a lower floor.
((You have a pair of large antennae on your head. (SInv)))
Your four strong arms can wield two-handed weapons with a shield.


Message History

You sock the orc warrior!
The orc warrior is heavily wounded.
The orc warrior hits you with a +0 scimitar!
The orc hits you but does no damage. The orc attacks as you move away!
The orc hits you but does no damage.
There is a stone staircase leading down here.
You barely miss the orc warrior.
You punch the orc warrior, but do no damage.
The orc warrior is heavily wounded.
The orc warrior hits you with a +0 scimitar.
You closely miss the orc warrior.
The orc warrior is heavily wounded.
The orc warrior hits you with a +0 scimitar.
You closely miss the orc warrior.
The orc warrior is heavily wounded.
The orc warrior hits you with a +0 scimitar!
* * * LOW HITPOINT WARNING * * *
You hit the orc warrior but do no damage.
The orc warrior is heavily wounded.
The orc warrior hits you with a +0 scimitar!
* * * LOW HITPOINT WARNING * * *
Really quaff the potion of lignification?
You turn into a tree.
Your +1 cloak melds into your body.
Your +0 pair of boots melds into your body.
Your +0 chain mail melds into your body.
Your roots penetrate the ground.
The orc warrior hits you but does no damage.
Unknown command.
Okay, then.
You barely miss the orc warrior.
The orc warrior is heavily wounded.
The orc warrior hits you with a +0 scimitar.
* * * LOW HITPOINT WARNING * * *
You barely miss the orc warrior.
The orc warrior is heavily wounded.
The orc warrior hits you but does no damage.
You hit the orc warrior.
The orc warrior is heavily wounded.
The orc warrior hits you with a +0 scimitar.
You die...

### #.+
#.# #.#
#♣# o #o#
...}..oo#
.....####
.... ###


You could see an orc warrior and 2 orcs.

Vanquished Creatures
  Sigmund (D:4)
  An orc warrior (D:11)
  A centaur (D:9)
  An orc priest (D:10)
  A hound (D:4)
  7 gnolls (D:3)
  An adder (D:3)
  An ufetubus (D:4)
  A worm (D:4)
  3 dart slugs
  18 orcs
  6 endoplasms
  3 giant cockroaches
  2 goblins
  3 hobgoblins
  6 jackals
  9 kobolds
  5 quokkas
  6 ball pythons
  5 bats
  A frilled lizard (D:3)
  2 rats (D:3)
84 creatures vanquished.

Vanquished Creatures (others)
  2 plants (D:4)
2 creatures vanquished.

Grand Total: 86 creatures vanquished

Notes
Turn   | Place    | Note
-------+----------+-------------------------------------------
     0 | D:1      | MisterFreud the Formicid Gladiator began the quest for the
                  | Orb.
     0 | D:1      | Reached XP level 1. HP: 16/16 MP: 1/1
   279 | D:1      | Reached XP level 2. HP: 11/22 MP: 2/2
   836 | D:1      | Found a faded altar of an unknown god.
  1430 | D:2      | Reached skill level 4 in Staves
  1430 | D:2      | Reached XP level 3. HP: 27/27 MP: 3/3
  1445 | D:2      | Got Idaol's Codex of Fetid Spellbinding
  1712 | D:3      | You fall into a shaft and drop 3 floors!
  1712 | D:6      | Found a sacrificial altar of Ru.
  1968 | D:6      | Found a runed translucent door.
  1976 | D:5      | Entered Level 5 of the Dungeon
  2007 | D:5      | Found a broken altar of Ashenzari.
  2029 | D:5      | Found Xameesto's Antique Armour Shoppe.
  2206 | D:3      | Reached XP level 4. HP: 4/33 MP: 4/4
  2229 | D:4      | HP: 1/33 [poisoned by a gnoll]
  2677 | D:4      | Reached skill level 5 in Staves
  3099 | D:3      | Reached XP level 5. HP: 38/38 MP: 5/5
  3726 | D:3      | Reached skill level 6 in Staves
  3955 | D:3      | Found an opulent altar of Gozag.
  4528 | D:4      | Reached skill level 1 in Armour
  4528 | D:4      | Reached XP level 6. HP: 45/46 MP: 6/6
  4577 | D:4      | Noticed Sigmund
  4589 | D:4      | Killed Sigmund
  4590 | D:4      | Reached XP level 7. HP: 39/53 MP: 7/7
  4680 | D:4      | Noticed Edmund
  4688 | D:4      | You fall into a shaft and drop 3 floors!
  4953 | D:7      | Found Gabeusoe's Book Emporium.
  4967 | D:6      | You fall into a shaft and drop 2 floors!
  5008 | D:8      | You fall into a shaft and drop 3 floors!
  5404 | D:10     | Entered Level 10 of the Dungeon
  6345 | D:10     | Noticed a yak
  6345 | D:10     | Noticed a yak
  6346 | D:10     | Noticed a yak
  6375 | D:11     | Noticed a vampire
  6451 | D:9      | Slain by an orc warrior

Illustrated notes

Levels and vault maps discovered:
D:1:      saegor_arrival_under_anarchy, layout_basic, serial_aquarium,
          aquarium_bridge_long_joined [aquarium_subvault_window,
          aquarium_subvault_window, aquarium_subvault_bridge,
          aquarium_subvault_balcony, aquarium_subvault_wall,
          aquarium_subvault_wall], aquarium_window_corner, aquarium_window_2,
          aquarium_window_corridor_3, aquarium_view_2d, aquarium_view_2b,
          aquarium_balcony_1b, hellmonk_ecumenical_altar_zigzags
D:2:      layout_rooms
D:3:      layout_loops_ring, mainiacjoe_overflow_surrounded_room,
          serial_park_tiny_pond
D:4:      layout_loops_ring, sigmund_edmund_badplayer
D:5:      layout_loops_ring, elyvilon_altar_3, kennysheep_little_box,
          minmay_temple_entry_grid, serial_shops, shop_statue,
          nicolae_diamond_shop, shop, shop, doesnt_shop_hydraphobe,
          uniq_blork_the_orc
D:6:      layout_rooms, nicolae_hepliaklqana_monster_ancestors,
          nicolae_ru_sacrificial_ziggurat, ebering_ghost_sewer_f
D:7:      layout_rooms, nicolae_overflow_crystal_walls, serial_shops, shop
D:8:      layout_basic, minitemple, hangedman_abyss_or_decor_passed
D:9:      layout_roguey, erik_orc_3, gammafunk_ghost_grave, uniq_maurice,
          uniq_erica
D:10:     nicolae_cairo_tiling, layout_loops_ring, lair_entry_dummy,
          serial_bayou, serial_bayou_pond_e, serial_bayou_ford_a,
          serial_bayou_crossing, serial_bayou_lagoon_a, serial_bayou_lake_a
D:11:     layout_rooms, serial_shops, nicolae_shop_crystal, shop_coins

Skill      XL: |  1  2  3  4  5  6  7 |
---------------+----------------------+-----
Staves         | 4 5 6 |  6.0
Armour         | 1 2 4 |  4.1
Fighting       | 3 4 |  4.8
Throwing       | |  2.0
Dodging        | |  2.6

Action                   |  1- 3 |  4- 6 |  7- 9 || total
-------------------------+-------+-------+-------++-------
Melee: Quarterstaff      |    85 |   124 |    54 ||   263
       Punch             |       |     2 |     2 ||     4
 Abil: Shaft Self        |     1 |     2 |     3 ||     6
  Use: Scroll            |     9 |     6 |     3 ||    18
       Potion            |       |     2 |     1 ||     3
Armor: Leather armour    |    30 |    37 |     6 ||    73
       Chain mail        |       |       |    12 ||    12
       Scale mail        |       |       |     2 ||     2
       Skin              |       |       |     2 ||     2
Dodge: Dodged            |    56 |    89 |    39 ||   184
